MapleLeafs vs Jets

Created - December 12, 2016 at 17:50

Goals
1 2 3 T
MapleLeafs 1 1 0 2
Jets 0 1 0 1
Shots
1 2 3 T
MapleLeafs 3 5 4 12
Jets 11 8 12 31

1st period

1. MapleLeafs , Michael Del Zotto 2 (Matt Duchene, Joonas Donskoi) at 13:12

Penalties :
Dalton Prout (TOR) for Cross-checking (Minor) at 1:28, Nazem Kadri (TOR) for High sticking (Minor) at 13:19, Michael Del Zotto (TOR) for Hooking (Minor) at 15:57, Nikita Nikitin (TOR) for Hooking (Minor) at 17:09

2nd period

2. MapleLeafs , Milan Lucic 15 (Matt Duchene, Nikita Nikitin) at 0:15
3. Jets , Cam Atkinson 20 (Hampus Lindholm, Frans Nielsen) at 7:25

Penalties :
Milan Lucic (TOR) for Holding (Minor) at 1:33, Radko Gudas (WPG) for Holding (Minor) at 4:29, Dalton Prout (TOR) for Roughing (Minor) at 10:32, Brent Seabrook (WPG) for Roughing (Minor) at 11:03, Milan Lucic (TOR) for Charging (Minor) at 15:39

3rd period

No Goal

Penalties :
Milan Lucic (TOR) for Holding (Minor) at 3:14, Dalton Prout (TOR) for Interference (Minor) at 9:00

Goalie Stats

Petr Mrazek (TOR), 30 saves from 31 shots - (0.968), W, 10-5-4, 60:00 minutes
Cory Schneider (WPG), 10 saves from 12 shots - (0.833), L, 17-7-1, 58:51 minutes

Players Stats for MapleLeafs

Player Name              G  A  P  +/- PIM S  H  SB GA TA FO     MP     PP MP  PK MP  
------------------------------------------------------------------------------------
Anthony Duclair          0  0  0   0  0   0  0  0  0  0  0/1    15:03   0:00   3:15 
Brandon Pirri            0  0  0   0  0   0  0  0  0  0  2/5     6:53   0:00   0:03 
Brendan Leipsic          0  0  0  -1  0   1  0  0  0  0  0/0    12:35   1:18   1:37 
Cody Hodgson             0  0  0   0  0   0  0  0  0  0  0/0     6:50   0:00   0:00 
Dalton Prout             0  0  0  -1  6   1  4  4  0  0  0/0    18:28   0:00   5:46 
Dennis Seidenberg        0  0  0   0  0   0  3  2  0  0  0/0    22:20   1:12   7:01 
Griffin Reinhart         0  0  0  -1  0   0  2  0  0  0  0/0    15:18   1:18   1:15 
Jiri Sekac               0  0  0   0  0   0  0  0  0  0  1/1     6:50   0:00   0:00 
Jonathan Marchessault    0  0  0   0  0   0  1  0  0  0  1/1    13:06   1:18   0:00 
Joonas Donskoi           0  1  1   2  0   1  0  0  0  0  1/1    13:20   1:12   0:00 
Jordan Staal             0  0  0   0  0   0  3  2  0  0  17/35  24:01   1:12   9:11 
Matt Duchene             0  2  2   2  0   3  0  0  0  0  3/8    22:01   1:18   8:19 
Michael Del Zotto        1  0  1   2  2   2  1  2  0  0  0/0    24:56   1:18   8:37 
Milan Lucic              1  0  1   2  6   1  2  0  0  0  1/1    16:40   1:12   2:58 
Nazem Kadri              0  0  0  -1  2   2  0  0  0  0  10/18  15:06   0:00   5:02 
Nick Leddy               0  0  0   0  0   0  0  1  0  0  0/0    22:44   1:12   7:25 
Nikita Nikitin           0  1  1   2  2   0  0  1  0  0  0/0    16:09   0:00   1:07 
Ryan White               0  0  0  -1  0   1  1  0  0  0  0/0     9:40   0:00   0:00 

Players Stats for Jets

Player Name              G  A  P  +/- PIM S  H  SB GA TA FO     MP     PP MP  PK MP  
------------------------------------------------------------------------------------
Adam Lowry               0  0  0  -1  0   1  0  0  0  0  0/0     8:54   0:00   1:42 
Boyd Gordon              0  0  0  -1  0   0  0  0  0  0  5/6     7:20   0:00   0:08 
Brayden Schenn           0  0  0   1  0   3  3  0  0  0  0/2    19:30   7:41   0:00 
Brent Seabrook           0  0  0   0  2   3  1  0  0  0  0/0    22:27   6:20   0:45 
Cam Atkinson             1  0  1   1  0   3  0  0  0  0  1/2    20:16   7:41   0:46 
David Krejci             0  0  0  -1  0   2  0  0  0  0  8/17   22:40   7:31   0:25 
Erik Gustafsson          0  0  0   0  0   0  0  1  0  0  0/0    12:12   0:00   0:08 
Frans Nielsen            0  1  1   1  0   0  0  1  0  0  5/10    9:07   3:36   0:08 
Hampus Lindholm          0  1  1   0  0   0  0  2  0  0  0/0    24:42   8:59   0:56 
Jamie Benn               0  0  0  -1  0   7  3  0  0  0  2/3    22:01   7:31   0:00 
Jason Zucker             0  0  0   0  0   1  0  1  0  0  0/2     9:01   1:29   0:00 
Joe Pavelski             0  0  0  -1  0   4  5  0  0  0  2/3    22:39   7:55   0:00 
Nick Bonino              0  0  0   0  0   1  0  1  0  0  3/6     8:43   0:00   1:11 
Nick Holden              0  0  0  -1  0   2  2  0  0  0  0/0    22:31   5:54   1:34 
Radko Gudas              0  0  0   0  2   0  2  0  0  0  0/0    17:05   4:04   0:03 
Rickard Rakell           0  0  0   0  0   2  1  0  0  0  8/19   17:02   3:00   0:00 
Teemu Pulkkinen          0  0  0  -1  0   2  0  1  0  0  1/1     8:49   0:24   0:40 
Tobias Enstrom           0  0  0  -1  0   0  1  0  0  0  0/0    21:01   5:54   1:34 

3 Stars

1 - Petr Mrazek (TOR)
2 - Matt Duchene (TOR)
3 - Michael Del Zotto (TOR)

Power Play

MapleLeafs - 0 on 2 Attempt(s) - 0.00%
Jets - 0 on 9 Attempt(s) - 0.00%

Penalty Kill

MapleLeafs - 9 on 9 Attempt(s) - 100.00% - Score 0 goal in Penalty Kill
Jets - 2 on 2 Attempt(s) - 100.00% - Score 0 goal in Penalty Kill

Team Stat

MapleLeafs - Hits : 17 - Faceoff Wins : 36 - Blocked Shots : 12 - Penalty Minutes : 18
Jets - Hits : 18 - Faceoff Wins : 35 - Blocked Shots : 7 - Penalty Minutes : 4

Official

Referees : TJ Luxmore and Tom Chmielewski
Linesman : Trent Knorr and Devin Berg

Game Notes

Frans Nielsen is injured at 10:05 of 2nd period (Right Hand)

Finance

Level 1 -- Attendance: 5705 (95.08%) -- Ticket Income $559,090
Level 2 -- Attendance: 5000 (100.00%) -- Ticket Income $385,000
Level 3 -- Attendance: 2200 (100.00%) -- Ticket Income $158,400
Level 4 -- Attendance: 1016 (100.00%) -- Ticket Income $67,056
Luxury Box -- Attendance: 767 (95.88%) -- Ticket Income $176,410
Game was played at the MTS Center.
Total Attendance: 14688 (97.82%)
Total Ticket Income: $1,345,956
Other Income: $201,893
Total Income: $1,547,849

% Time on Ice - MapleLeafs

Lines # - Real PCT - Wanted PCT - Time Play
Normal Forward
1 - 29% - 32% - 11:21
2 - 30% - 30% - 11:48
3 - 24% - 24% - 9:40
4 - 17% - 14% - 6:50
Normal Defense
1 - 33% - 38% - 13:12
2 - 35% - 34% - 13:42
3 - 32% - 26% - 12:45
4 - 0% - 2% - 0:00
PP Forward
1 - 48% - 55% - 1:12
2 - 52% - 45% - 1:18
PP Defense
1 - 52% - 60% - 1:18
2 - 48% - 40% - 1:12
PK Forward
1 - 60% - 55% - 8:57
2 - 40% - 45% - 5:52
PK Defense
1 - 68% - 60% - 10:03
2 - 32% - 40% - 4:46
PK3 Forward
1 - 64% - 56% - 0:30
2 - 36% - 44% - 0:17
PK3 Defense
1 - 100% - 60% - 0:47
2 - 0% - 40% - 0:00
44 Forward
1 - 72% - 60% - 1:03
2 - 28% - 40% - 0:25
44 Defense
1 - 72% - 60% - 1:03
2 - 28% - 40% - 0:25
Last Minute Offensive  - 0:00
Last Minute Defensive  - 0:47
Total
Forward - 60:00
Defense - 60:00

% Time on Ice - Jets

Lines # - Real PCT - Wanted PCT - Time Play
Normal Forward
1 - 33% - 34% - 13:06
2 - 30% - 33% - 11:49
3 - 19% - 21% - 7:32
4 - 18% - 12% - 7:12
Normal Defense
1 - 31% - 34% - 12:13
2 - 35% - 32% - 13:47
3 - 30% - 23% - 12:04
4 - 4% - 11% - 1:35
PP Forward
1 - 48% - 63% - 7:31
2 - 52% - 37% - 8:05
PP Defense
1 - 62% - 70% - 9:42
2 - 38% - 30% - 5:54
PK Forward
1 - 95% - 65% - 2:22
2 - 5% - 35% - 0:08
PK Defense
1 - 63% - 60% - 1:34
2 - 37% - 40% - 0:56
PK3 Forward
1 - 0% - 70%
2 - 0% - 30%
PK3 Defense
1 - 0% - 60%
2 - 0% - 40%
44 Forward
1 - 58% - 50% - 0:51
2 - 42% - 50% - 0:37
44 Defense
1 - 38% - 51% - 0:33
2 - 63% - 49% - 0:55
Last Minute Offensive  - 0:47
Last Minute Defensive  - 0:00
Total
Forward - 60:00
Defense - 60:00

Play by Play

1st period


0:01 of 1st period - Matt Duchene wins face-off versus David Krejci in neutral zone.
0:08 of 1st period - Matt Duchene is hit by Jamie Benn and loses puck.
0:23 of 1st period - Shot by Matt Duchene.
0:23 of 1st period - Shot Misses the Net.
0:25 of 1st period - Shot by Michael Del Zotto.
0:25 of 1st period - Stopped by Cory Schneider without a rebound.
0:26 of 1st period - Jordan Staal wins face-off versus Brayden Schenn in Jets zone.
0:26 of 1st period - Nick Leddy is hit by Nick Holden and loses puck.
0:33 of 1st period - Shot by Anthony Duclair.
0:33 of 1st period - Shot Misses the Net.
0:38 of 1st period - Anthony Duclair is hit by Nick Holden and loses puck.
1:28 of 1st period - Minor Penalty to Dalton Prout for Cross-checking.
1:29 of 1st period - Joe Pavelski wins face-off versus Jordan Staal in MapleLeafs zone.
1:46 of 1st period - Shot by Joe Pavelski.
1:46 of 1st period - Stopped by Petr Mrazek with a rebound.
3:25 of 1st period - Off-side.
3:26 of 1st period - David Krejci wins face-off versus Jordan Staal in neutral zone.
3:57 of 1st period - Nick Bonino is hit by Griffin Reinhart and loses puck.
4:25 of 1st period - Brendan Leipsic is hit by Radko Gudas and loses puck.
5:11 of 1st period - Brendan Leipsic is hit by Brent Seabrook and loses puck.
5:49 of 1st period - Shot by Adam Lowry.
5:49 of 1st period - Shot Blocked by Nikita Nikitin.
5:51 of 1st period - Shot by Adam Lowry.
5:51 of 1st period - Stopped by Petr Mrazek without a rebound.
5:52 of 1st period - Frans Nielsen wins face-off versus Jordan Staal in MapleLeafs zone.
6:05 of 1st period - Dalton Prout is hit by Brayden Schenn and loses puck.
6:19 of 1st period - Icing by Griffin Reinhart.
6:20 of 1st period - Teemu Pulkkinen wins face-off versus Jordan Staal in MapleLeafs zone.
7:20 of 1st period - Brent Seabrook is hit by Michael Del Zotto and loses puck.
8:45 of 1st period - Shot by Brendan Leipsic.
8:45 of 1st period - Stopped by Cory Schneider without a rebound.
8:46 of 1st period - Jiri Sekac wins face-off versus Rickard Rakell in Jets zone.
9:02 of 1st period - Shot by Rickard Rakell.
9:02 of 1st period - Stopped by Petr Mrazek without a rebound.
9:03 of 1st period - Cam Atkinson wins face-off versus Jordan Staal in MapleLeafs zone.
9:03 of 1st period - Cam Atkinson is hit by Dalton Prout.
9:06 of 1st period - Brayden Schenn is hit by Dalton Prout and loses puck.
9:39 of 1st period - Shot by Frans Nielsen.
9:39 of 1st period - Shot Misses the Net.
9:41 of 1st period - Shot by Cam Atkinson.
9:41 of 1st period - Shot Blocked by Dalton Prout.
9:43 of 1st period - Shot by Nick Holden.
9:43 of 1st period - Stopped by Petr Mrazek with a rebound.
9:45 of 1st period - Shot by Brent Seabrook.
9:45 of 1st period - Shot Blocked by Dalton Prout.
9:57 of 1st period - Shot by Jamie Benn.
9:57 of 1st period - Stopped by Petr Mrazek with a rebound.
9:59 of 1st period - Shot by Jamie Benn.
9:59 of 1st period - Shot Misses the Net.
10:01 of 1st period - Shot by Jamie Benn.
10:01 of 1st period - Stopped by Petr Mrazek without a rebound.
10:02 of 1st period - Nazem Kadri wins face-off versus Nick Bonino in MapleLeafs zone.
10:02 of 1st period - Nazem Kadri is hit by Rickard Rakell.
10:18 of 1st period - Shot by Nick Leddy.
10:18 of 1st period - Shot Blocked by Nick Bonino.
10:20 of 1st period - Shot by Dennis Seidenberg.
10:20 of 1st period - Shot Misses the Net.
10:22 of 1st period - Shot by Dennis Seidenberg.
10:22 of 1st period - Shot Blocked by Jason Zucker.
11:08 of 1st period - Michael Del Zotto is hit by Joe Pavelski and loses puck.
11:39 of 1st period - Shot by David Krejci.
11:39 of 1st period - Deflect By Joe Pavelski.
11:39 of 1st period - Shot Misses the Net.
11:41 of 1st period - Shot by Jamie Benn.
11:41 of 1st period - Stopped by Petr Mrazek without a rebound.
11:42 of 1st period - Frans Nielsen wins face-off versus Jordan Staal in MapleLeafs zone.
11:49 of 1st period - Shot by Brayden Schenn.
11:49 of 1st period - Shot Misses the Net.
11:52 of 1st period - Icing by Griffin Reinhart.
11:53 of 1st period - Boyd Gordon wins face-off versus Jordan Staal in MapleLeafs zone.
12:40 of 1st period - Icing by Brent Seabrook.
12:41 of 1st period - Boyd Gordon wins face-off versus Matt Duchene in Jets zone.
13:02 of 1st period - Shot by Matt Duchene.
13:02 of 1st period - Shot Misses the Net.
13:04 of 1st period - Shot by Nikita Nikitin.
13:04 of 1st period - Shot Misses the Net.
13:06 of 1st period - Shot by Joonas Donskoi.
13:06 of 1st period - Shot Misses the Net.
13:10 of 1st period - Shot by Matt Duchene.
13:10 of 1st period - Shot Misses the Net.
13:12 of 1st period - Shot by Michael Del Zotto.
13:12 of 1st period - Goal by Michael Del Zotto - MapleLeafs : 1 - Jets : 0.
13:13 of 1st period - Frans Nielsen wins face-off versus Nazem Kadri in neutral zone.
13:19 of 1st period - Minor Penalty to Nazem Kadri for High sticking.
13:20 of 1st period - Jordan Staal wins face-off versus Joe Pavelski in MapleLeafs zone.
14:41 of 1st period - Shot by Cam Atkinson.
14:41 of 1st period - Shot Misses the Net.
14:52 of 1st period - Icing by Radko Gudas.
14:53 of 1st period - Jordan Staal wins face-off versus Jamie Benn in Jets zone.
15:00 of 1st period - Shot by David Krejci.
15:00 of 1st period - Shot Blocked by Jordan Staal.
15:06 of 1st period - Shot by Joe Pavelski.
15:06 of 1st period - Deflect By David Krejci.
15:06 of 1st period - Shot Misses the Net.
15:28 of 1st period - Shot by Nick Bonino.
15:28 of 1st period - Stopped by Petr Mrazek without a rebound.
15:29 of 1st period - Nick Bonino wins face-off versus Brandon Pirri in MapleLeafs zone.
15:29 of 1st period - Tobias Enstrom is hit by Dalton Prout and loses puck.
15:54 of 1st period - Off-side.
15:55 of 1st period - Frans Nielsen wins face-off versus Nazem Kadri in neutral zone.
15:57 of 1st period - Minor Penalty to Michael Del Zotto for Hooking.
15:58 of 1st period - David Krejci wins face-off versus Jordan Staal in MapleLeafs zone.
15:59 of 1st period - Shot by Joe Pavelski.
15:59 of 1st period - Stopped by Petr Mrazek without a rebound.
16:00 of 1st period - Jordan Staal wins face-off versus David Krejci in MapleLeafs zone.
16:11 of 1st period - Shot by Joe Pavelski.
16:11 of 1st period - Shot Misses the Net.
16:13 of 1st period - Shot by Nick Holden.
16:13 of 1st period - Shot Blocked by Dalton Prout.
16:15 of 1st period - Shot by Nick Holden.
16:15 of 1st period - Shot Blocked by Dennis Seidenberg.
17:07 of 1st period - Milan Lucic is hit by Brayden Schenn and loses puck.
17:09 of 1st period - Minor Penalty to Nikita Nikitin for Hooking.
17:10 of 1st period - Jordan Staal wins face-off versus Frans Nielsen in MapleLeafs zone.
17:21 of 1st period - Shot by Frans Nielsen.
17:21 of 1st period - Shot Hit the Post.
17:23 of 1st period - Shot by Cam Atkinson.
17:23 of 1st period - Stopped by Petr Mrazek without a rebound.
17:24 of 1st period - David Krejci wins face-off versus Jordan Staal in MapleLeafs zone.
17:33 of 1st period - Shot by David Krejci.
17:33 of 1st period - Shot Misses the Net.
17:39 of 1st period - Shot by Brent Seabrook.
17:39 of 1st period - Stopped by Petr Mrazek without a rebound.
17:40 of 1st period - Matt Duchene wins face-off versus Frans Nielsen in MapleLeafs zone.
17:40 of 1st period - Matt Duchene is hit by Brayden Schenn.
17:56 of 1st period - Shot by Brayden Schenn.
17:56 of 1st period - Shot Misses the Net.
17:58 of 1st period - Shot by Nick Holden.
17:58 of 1st period - Shot Misses the Net.
18:25 of 1st period - Off-side.
18:26 of 1st period - David Krejci wins face-off versus Jordan Staal in neutral zone.
18:37 of 1st period - Shot by Joe Pavelski.
18:37 of 1st period - Shot Misses the Net.
18:39 of 1st period - Shot by David Krejci.
18:39 of 1st period - Shot Misses the Net.
19:26 of 1st period - Off-side.
19:27 of 1st period - Nazem Kadri wins face-off versus Frans Nielsen in neutral zone.
19:30 of 1st period - Frans Nielsen is hit by Ryan White.
19:40 of 1st period - Shot by Nazem Kadri.
19:40 of 1st period - Shot Misses the Net.
Goals for this period are 1 for MapleLeafs vs 0 for Jets.
Shots for this period are 3 for MapleLeafs vs 11 for Jets.

2nd period


0:01 of 2nd period - Joe Pavelski wins face-off versus Matt Duchene in neutral zone.
0:15 of 2nd period - Shot by Matt Duchene.
0:15 of 2nd period - Deflect By Milan Lucic.
0:15 of 2nd period - Goal by Milan Lucic - MapleLeafs : 2 - Jets : 0.
0:16 of 2nd period - Jordan Staal wins face-off versus Brayden Schenn in neutral zone.
0:28 of 2nd period - Icing by Frans Nielsen.
0:29 of 2nd period - Matt Duchene wins face-off versus Frans Nielsen in Jets zone.
0:42 of 2nd period - Shot by Milan Lucic.
0:42 of 2nd period - Shot Misses the Net.
0:44 of 2nd period - Shot by Milan Lucic.
0:44 of 2nd period - Shot Misses the Net.
0:46 of 2nd period - Shot by Matt Duchene.
0:46 of 2nd period - Stopped by Cory Schneider with a rebound.
0:48 of 2nd period - Shot by Milan Lucic.
0:48 of 2nd period - Shot Misses the Net.
1:33 of 2nd period - Minor Penalty to Milan Lucic for Holding.
1:34 of 2nd period - Jordan Staal wins face-off versus David Krejci in MapleLeafs zone.
1:50 of 2nd period - Shot by Hampus Lindholm.
1:50 of 2nd period - Shot Hit the Post.
1:52 of 2nd period - Shot by Hampus Lindholm.
1:52 of 2nd period - Shot Blocked by Nick Leddy.
1:54 of 2nd period - Shot by Hampus Lindholm.
1:54 of 2nd period - Shot Blocked by Jordan Staal.
2:19 of 2nd period - Jamie Benn is hit by Dennis Seidenberg and loses puck.
2:48 of 2nd period - Shot by Cam Atkinson.
2:48 of 2nd period - Shot Blocked by Michael Del Zotto.
3:13 of 2nd period - Shot by David Krejci.
3:13 of 2nd period - Stopped by Petr Mrazek without a rebound.
3:14 of 2nd period - Jamie Benn wins face-off versus Nazem Kadri in MapleLeafs zone.
3:25 of 2nd period - Shot by Brent Seabrook.
3:25 of 2nd period - Stopped by Petr Mrazek without a rebound.
3:26 of 2nd period - Frans Nielsen wins face-off versus Jordan Staal in MapleLeafs zone.
4:29 of 2nd period - Minor Penalty to Radko Gudas for Holding.
4:30 of 2nd period - Jordan Staal wins face-off versus Cam Atkinson in Jets zone.
5:03 of 2nd period - Shot by Milan Lucic.
5:03 of 2nd period - Shot Blocked by Hampus Lindholm.
7:02 of 2nd period - Shot by Joe Pavelski.
7:02 of 2nd period - Stopped by Petr Mrazek without a rebound.
7:03 of 2nd period - Nazem Kadri wins face-off versus Frans Nielsen in MapleLeafs zone.
7:25 of 2nd period - Shot by Cam Atkinson.
7:25 of 2nd period - Goal by Cam Atkinson - MapleLeafs : 2 - Jets : 1.
7:26 of 2nd period - Jonathan Marchessault wins face-off versus Nick Bonino in neutral zone.
8:14 of 2nd period - Icing by Nick Holden.
8:15 of 2nd period - Nick Bonino wins face-off versus Matt Duchene in Jets zone.
9:09 of 2nd period - Shot by Nazem Kadri.
9:09 of 2nd period - Stopped by Cory Schneider with a rebound.
9:13 of 2nd period - Shot by Nazem Kadri.
9:13 of 2nd period - Shot Misses the Net.
9:15 of 2nd period - Shot by Brendan Leipsic.
9:15 of 2nd period - Shot Misses the Net.
10:05 of 2nd period - Shot by Anthony Duclair.
10:05 of 2nd period - Shot Blocked by Frans Nielsen.
10:05 of 2nd period - Frans Nielsen from Jets is injured at 10:05 of 2nd period (Right Hand).
10:06 of 2nd period - Rickard Rakell wins face-off versus Brandon Pirri in Jets zone.
10:13 of 2nd period - Shot by Brayden Schenn.
10:13 of 2nd period - Stopped by Petr Mrazek with a rebound.
10:15 of 2nd period - Shot by Nick Holden.
10:15 of 2nd period - Shot Blocked by Dennis Seidenberg.
10:19 of 2nd period - Shot by Brayden Schenn.
10:19 of 2nd period - Stopped by Petr Mrazek without a rebound.
10:20 of 2nd period - Boyd Gordon wins face-off versus Anthony Duclair in MapleLeafs zone.
10:22 of 2nd period - Adam Lowry is hit by Griffin Reinhart and loses puck.
10:32 of 2nd period - Minor Penalty to Dalton Prout for Roughing.
10:33 of 2nd period - Jordan Staal wins face-off versus Rickard Rakell in MapleLeafs zone.
10:39 of 2nd period - Icing by Brent Seabrook.
10:40 of 2nd period - Rickard Rakell wins face-off versus Jordan Staal in Jets zone.
10:51 of 2nd period - Cam Atkinson is hit by Jordan Staal and loses puck.
11:03 of 2nd period - Minor Penalty to Brent Seabrook for Roughing.
11:04 of 2nd period - Jordan Staal wins face-off versus Rickard Rakell in Jets zone.
11:07 of 2nd period - Shot by Matt Duchene.
11:07 of 2nd period - Stopped by Cory Schneider without a rebound.
11:08 of 2nd period - David Krejci wins face-off versus Jordan Staal in Jets zone.
11:47 of 2nd period - Shot by David Krejci.
11:47 of 2nd period - Deflect By Joe Pavelski.
11:47 of 2nd period - Shot Misses the Net.
12:09 of 2nd period - Icing by Hampus Lindholm.
12:10 of 2nd period - Rickard Rakell wins face-off versus Nazem Kadri in Jets zone.
12:28 of 2nd period - Jamie Benn is hit by Dennis Seidenberg and loses puck.
13:17 of 2nd period - Shot by Cam Atkinson.
13:17 of 2nd period - Shot Misses the Net.
13:19 of 2nd period - Shot by Rickard Rakell.
13:19 of 2nd period - Stopped by Petr Mrazek without a rebound.
13:20 of 2nd period - David Krejci wins face-off versus Nazem Kadri in MapleLeafs zone.
13:21 of 2nd period - Shot by Jamie Benn.
13:21 of 2nd period - Shot Blocked by Dalton Prout.
13:35 of 2nd period - Shot by Nazem Kadri.
13:35 of 2nd period - Shot Misses the Net.
13:37 of 2nd period - Shot by Dalton Prout.
13:37 of 2nd period - Stopped by Cory Schneider without a rebound.
13:38 of 2nd period - Rickard Rakell wins face-off versus Jordan Staal in Jets zone.
13:38 of 2nd period - Rickard Rakell is hit by Jordan Staal.
14:34 of 2nd period - Joe Pavelski is hit by Dennis Seidenberg and loses puck.
14:41 of 2nd period - Tobias Enstrom is hit by Jonathan Marchessault and loses puck.
15:39 of 2nd period - Minor Penalty to Milan Lucic for Charging.
15:40 of 2nd period - Jordan Staal wins face-off versus Rickard Rakell in MapleLeafs zone.
16:44 of 2nd period - Shot by Joe Pavelski.
16:44 of 2nd period - Shot Misses the Net.
16:46 of 2nd period - Shot by Teemu Pulkkinen.
16:46 of 2nd period - Stopped by Petr Mrazek without a rebound.
16:47 of 2nd period - Nazem Kadri wins face-off versus Jason Zucker in MapleLeafs zone.
19:09 of 2nd period - Joonas Donskoi is hit by Joe Pavelski and loses puck.
19:40 of 2nd period - Off-side.
19:41 of 2nd period - Jordan Staal wins face-off versus Rickard Rakell in neutral zone.
Goals for this period are 1 for MapleLeafs vs 1 for Jets.
Shots for this period are 5 for MapleLeafs vs 8 for Jets.

3rd period


0:01 of 3rd period - Rickard Rakell wins face-off versus Matt Duchene in neutral zone.
0:19 of 3rd period - Hampus Lindholm is hit by Milan Lucic and loses puck.
1:07 of 3rd period - Shot by Jamie Benn.
1:07 of 3rd period - Stopped by Petr Mrazek without a rebound.
1:08 of 3rd period - Boyd Gordon wins face-off versus Jordan Staal in MapleLeafs zone.
1:25 of 3rd period - Shot by Teemu Pulkkinen.
1:25 of 3rd period - Stopped by Petr Mrazek without a rebound.
1:26 of 3rd period - David Krejci wins face-off versus Nazem Kadri in MapleLeafs zone.
1:32 of 3rd period - Shot by Nick Holden.
1:32 of 3rd period - Stopped by Petr Mrazek without a rebound.
1:33 of 3rd period - Jamie Benn wins face-off versus Jordan Staal in MapleLeafs zone.
1:42 of 3rd period - Shot by Jamie Benn.
1:42 of 3rd period - Stopped by Petr Mrazek without a rebound.
1:43 of 3rd period - Nazem Kadri wins face-off versus David Krejci in MapleLeafs zone.
2:01 of 3rd period - Icing by Ryan White.
2:02 of 3rd period - Rickard Rakell wins face-off versus Nazem Kadri in MapleLeafs zone.
2:11 of 3rd period - Shot by Brayden Schenn.
2:11 of 3rd period - Shot Misses the Net.
2:13 of 3rd period - Shot by Cam Atkinson.
2:13 of 3rd period - Stopped by Petr Mrazek without a rebound.
2:14 of 3rd period - Jordan Staal wins face-off versus David Krejci in MapleLeafs zone.
2:16 of 3rd period - Jonathan Marchessault is hit by Jamie Benn and loses puck.
3:14 of 3rd period - Minor Penalty to Milan Lucic for Holding.
3:15 of 3rd period - Nazem Kadri wins face-off versus Rickard Rakell in MapleLeafs zone.
3:27 of 3rd period - Icing by Rickard Rakell.
3:28 of 3rd period - Nazem Kadri wins face-off versus Rickard Rakell in Jets zone.
4:40 of 3rd period - Shot by Tobias Enstrom.
4:40 of 3rd period - Shot Misses the Net.
4:42 of 3rd period - Shot by David Krejci.
4:42 of 3rd period - Stopped by Petr Mrazek without a rebound.
4:43 of 3rd period - Jordan Staal wins face-off versus Jason Zucker in MapleLeafs zone.
5:46 of 3rd period - Shot by Adam Lowry.
5:46 of 3rd period - Shot Misses the Net.
5:48 of 3rd period - Shot by Adam Lowry.
5:48 of 3rd period - Deflect By Teemu Pulkkinen.
5:48 of 3rd period - Shot Blocked by Michael Del Zotto.
6:02 of 3rd period - Shot by Jamie Benn.
6:02 of 3rd period - Stopped by Petr Mrazek without a rebound.
6:03 of 3rd period - Joonas Donskoi wins face-off versus David Krejci in MapleLeafs zone.
6:03 of 3rd period - Joonas Donskoi is hit by Joe Pavelski.
6:37 of 3rd period - Joonas Donskoi is hit by Joe Pavelski and loses puck.
6:42 of 3rd period - Shot by Brent Seabrook.
6:42 of 3rd period - Stopped by Petr Mrazek without a rebound.
6:43 of 3rd period - Jordan Staal wins face-off versus Rickard Rakell in MapleLeafs zone.
7:02 of 3rd period - Shot by Jonathan Marchessault.
7:02 of 3rd period - Shot Misses the Net.
7:13 of 3rd period - Icing by Cam Atkinson.
7:14 of 3rd period - Nazem Kadri wins face-off versus Rickard Rakell in Jets zone.
7:27 of 3rd period - Shot by Nazem Kadri.
7:27 of 3rd period - Shot Misses the Net.
7:42 of 3rd period - Shot by Nazem Kadri.
7:42 of 3rd period - Shot Blocked by Hampus Lindholm.
8:03 of 3rd period - Icing by Dennis Seidenberg.
8:04 of 3rd period - Nazem Kadri wins face-off versus David Krejci in MapleLeafs zone.
8:04 of 3rd period - Nazem Kadri is hit by Jamie Benn.
8:07 of 3rd period - Brendan Leipsic is hit by Joe Pavelski and loses puck.
8:34 of 3rd period - Shot by Joonas Donskoi.
8:34 of 3rd period - Stopped by Cory Schneider without a rebound.
8:35 of 3rd period - Boyd Gordon wins face-off versus Jordan Staal in Jets zone.
8:35 of 3rd period - Adam Lowry is hit by Jordan Staal and loses puck.
8:51 of 3rd period - Teemu Pulkkinen is hit by Dalton Prout and loses puck.
8:55 of 3rd period - Icing by Dalton Prout.
8:56 of 3rd period - David Krejci wins face-off versus Jordan Staal in MapleLeafs zone.
9:00 of 3rd period - Minor Penalty to Dalton Prout for Interference.
9:01 of 3rd period - Jordan Staal wins face-off versus David Krejci in MapleLeafs zone.
9:28 of 3rd period - Shot by Jamie Benn.
9:28 of 3rd period - Stopped by Petr Mrazek without a rebound.
9:29 of 3rd period - Nazem Kadri wins face-off versus Rickard Rakell in MapleLeafs zone.
11:28 of 3rd period - Off-side.
11:29 of 3rd period - Brandon Pirri wins face-off versus Rickard Rakell in neutral zone.
11:35 of 3rd period - Icing by Hampus Lindholm.
11:36 of 3rd period - Brandon Pirri wins face-off versus Nick Bonino in Jets zone.
11:59 of 3rd period - Shot by Jason Zucker.
11:59 of 3rd period - Stopped by Petr Mrazek without a rebound.
12:00 of 3rd period - Rickard Rakell wins face-off versus Nazem Kadri in MapleLeafs zone.
12:26 of 3rd period - Shot by Nazem Kadri.
12:26 of 3rd period - Shot Misses the Net.
12:30 of 3rd period - Shot by Brendan Leipsic.
12:30 of 3rd period - Shot Misses the Net.
12:32 of 3rd period - Shot by Ryan White.
12:32 of 3rd period - Shot Misses the Net.
12:58 of 3rd period - Hampus Lindholm is hit by Milan Lucic and loses puck.
13:05 of 3rd period - Shot by Matt Duchene.
13:05 of 3rd period - Shot Misses the Net.
13:07 of 3rd period - Shot by Matt Duchene.
13:07 of 3rd period - Stopped by Cory Schneider without a rebound.
13:08 of 3rd period - Jordan Staal wins face-off versus Boyd Gordon in Jets zone.
13:29 of 3rd period - Shot by Jonathan Marchessault.
13:29 of 3rd period - Shot Misses the Net.
13:31 of 3rd period - Shot by Anthony Duclair.
13:31 of 3rd period - Shot Blocked by Teemu Pulkkinen.
13:38 of 3rd period - Anthony Duclair is hit by Radko Gudas and loses puck.
13:45 of 3rd period - Shot by Jonathan Marchessault.
13:45 of 3rd period - Deflect By Jordan Staal.
13:45 of 3rd period - Shot Blocked by Erik Gustafsson.
14:29 of 3rd period - Shot by Matt Duchene.
14:29 of 3rd period - Shot Misses the Net.
14:57 of 3rd period - Brendan Leipsic is hit by Tobias Enstrom and loses puck.
15:02 of 3rd period - Shot by Nazem Kadri.
15:02 of 3rd period - Stopped by Cory Schneider with a rebound.
15:04 of 3rd period - Shot by Ryan White.
15:04 of 3rd period - Deflect By Brendan Leipsic.
15:04 of 3rd period - Shot Misses the Net.
15:16 of 3rd period - Shot by Ryan White.
15:16 of 3rd period - Stopped by Cory Schneider without a rebound.
15:17 of 3rd period - Rickard Rakell wins face-off versus Brandon Pirri in Jets zone.
17:39 of 3rd period - Shot by Joe Pavelski.
17:39 of 3rd period - Stopped by Petr Mrazek without a rebound.
17:40 of 3rd period - Nick Bonino wins face-off versus Matt Duchene in MapleLeafs zone.
18:51 of 3rd period - Jets, Cory Schneider is pulled from the net.
19:12 of 3rd period - Shot by Brayden Schenn.
19:12 of 3rd period - Stopped by Petr Mrazek without a rebound.
19:13 of 3rd period - Milan Lucic wins face-off versus David Krejci in MapleLeafs zone.
Goals for this period are 0 for MapleLeafs vs 0 for Jets.
Shots for this period are 4 for MapleLeafs vs 12 for Jets.